 Dungeon Crawl Stone Soup version 0.31-a0-237-g2d982f9f85 (webtiles) character file.

Game seed: 15895382907074047402

39 qw the Shooter (level 3, -1/21 HPs)
             Began as a Gargoyle Hexslinger on July 10, 2023.
             Slain by a rat (2 damage)
             ... on level 3 of the Dungeon.
             The game lasted 00:00:27 (1133 turns).

qw the Shooter (Gargoyle Hexslinger)                Turns: 1133, Time: 00:00:28

Health: -1/21      AC:  7    Str: 11    XL:     3   Next: 45%
Magic:  4/4        EV: 12    Int: 13    God:
Gold:   54         SH:  0    Dex: 14    Spells: 3/4 levels left

rFire   . . .        Y - +1 sling
rCold   . . .        (no shield)
rNeg    + . .        c - +0 robe
rPois   inf          h - +0 helmet
rElec   +            (no cloak)
rCorr   .            f - +0 pair of gloves
SInv    .            (no boots)
Will    .....        (no amulet)
Stlth   +            (no ring)
HPRegen 0.23/turn    (no ring)
MPRegen 0.09/turn

%: no passive effects
@: no status effects
A: sickness immunity, AC +3, negative energy resistance 1, electricity
resistance, torment resistance 1, petrification resistance
a: no special abilities


You were on level 3 of the Dungeon.
You visited 1 branch of the dungeon, and saw 3 of its levels.

You collected 54 gold pieces.


Innate Abilities, Weirdness & Mutations

You are immune to sickness and miasma.
Your stone body is resilient. (AC +3)
You are immune to poison.
You resist negative energy. (rN+)
You are resistant to electric shocks. (rElec)
You are resistant to unholy torment.
You are immune to petrification.


   Skills:
 - Level 2.0 Fighting
 + Level 3.4 Ranged Weapons
 - Level 1.5 Dodging
 - Level 1.0 Spellcasting
 - Level 2.6 Hexes


You had 3 spell levels left.
You knew the following spells:

 Your Spells              Type           Power      Damage    Failure   Level
a - Slow                  Hex            28%        N/A       10%         1

Your spell library contained the following spells:

 Spells                   Type           Power      Damage    Failure   Level
 Inner Flame              Hex/Fire       4%         N/A       43%         3
 Portal Projectile        Hex/Tloc       8%         N/A       43%         3
 Cause Fear               Hex            3%         N/A       67%         4

Inventory:

Hand Weapons
 Y - a +1 sling (weapon)
Armour
 c - a +0 robe (worn)
 f - a +0 pair of gloves (worn)
 h - a +0 helmet (worn)
Scrolls
 a - a scroll of identify
Potions
 d - a potion of attraction
 g - a potion of curing {unknown}

Dungeon Overview and Level Annotations

Branches:
Dungeon (3/15)

Altars:

Annotations:
D:3 1 runed translucent door


Message History

The hound is heavily wounded.
The hound bites you but does no damage. The hound barely misses you.
You shoot a sling bullet.
The sling bullet barely misses the hound.
You hear a shout!
The hound barely misses you. The hound bites you but does no damage.
You shoot a sling bullet. The sling bullet hits the hound.
The hound is severely wounded.
The hound completely misses you. The hound bites you but does no damage.
You shoot a sling bullet. The sling bullet misses the hound.
The hound misses you. The hound barely misses you.
You shoot a sling bullet.
The sling bullet closely misses the hound.
The hound bites you. The hound completely misses you.
You shoot a sling bullet.
The sling bullet hits the hound but does no damage.
The hound is severely wounded.
The hound barely misses you.
You shoot a sling bullet.
The sling bullet barely misses the hound.
The hound bites you. The hound barely misses you.
You shoot a sling bullet. The sling bullet hits the hound.
The hound is severely wounded.
The hound barely misses you. The hound closely misses you.
You shoot a sling bullet. The sling bullet hits the hound.
The hound is severely wounded.
The hound bites you. The hound barely misses you.
You shoot a sling bullet.
The sling bullet closely misses the hound.
The hound completely misses you. The hound barely misses you.
You shoot a sling bullet. The sling bullet hits the hound.
The hound is almost dead.
The hound closely misses you. The rat bites you.
The hound bites you but does no damage. The rat bites you but does no damage.
You shoot a sling bullet. The sling bullet misses the hound.
The hound bites you. The rat bites you but does no damage.
You shoot a sling bullet. The sling bullet hits the hound.
You kill the hound!
The rat bites you.
You die...

*******,,.#...#..........,,,,,,,,
,,,,,,,,,#..#.#..........,,,,,,,,
,,,,,,,,,.............#**,,,,,,,,
,,,,,,,,,..K..#.......# *,,,,,,,,
,,,,,,,,,.#+#.........###,,,,,,,,
,,,,,,,*,r#~#.....#........,,,,,,
,,,,,,,,,##~#..##K...######,,,,,,
**,,,,**,**~#..##.##...####,,,,,,
,,,*,,,,,**~#..r@.####.####,,,,,,
,*,,,,,,,,*,#$...<.###.##..,,,,,,
,,,,,,,,,,*~#..............,,,,,,
,,,,,,,,,,**#.....#...#....,,,,,,
,,,,,,,,,,,.......#=..#....,,,,,,
,,,,,,,,,,........#...#....,,,,<,
,,,,,,,,,.........#...#...#******
,,,,,,,,,.......###...#...#***
,,,,,,,,,,,,....###...#....,,****


You could see a kobold and a rat.

Vanquished Creatures
  A hound (D:3)
  An adder (D:2)
  A dart slug (D:1)
  2 endoplasms (D:1)
  2 giant cockroaches
  7 goblins
  A hobgoblin (D:2)
  2 kobolds (D:2)
  2 ball pythons
  6 bats
  3 rats (D:1)
28 creatures vanquished.

Notes
Turn   | Place    | Note
-------+----------+-------------------------------------------
     0 | D:1      | qw the Gargoyle Hexslinger began the quest for the Orb.
     0 | D:1      | Reached XP level 1. HP: 12/12 MP: 2/2
     0 | D:1      | 0 ||| qw: Version: 0.3-a-52-g30416fa
     0 | D:1      | 0 ||| qw: Game counter: 5244
     0 | D:1      | 0 ||| qw: Melee chars always use a shield: true
     0 | D:1      | 0 ||| qw: God list: Okawaru
     0 | D:1      | 0 ||| qw: Allow faded altars: false
     0 | D:1      | 0 ||| qw: Do Orc after clearing Dungeon:15 true
     0 | D:1      | 0 ||| qw: Do second Lair branch before Depths: true
     0 | D:1      | 0 ||| qw: Lair rune preference: random
     0 | D:1      | 0 ||| qw: Goals: Normal
     0 | D:1      | 0 ||| PLANNING D:1-11
   125 | D:1      | Reached XP level 2. HP: 12/16 MP: 3/3
   408 | D:1      | Reached skill level 3 in Ranged Weapons
   682 | D:1      | 682 ||| UPGRADING to +0 pair of gloves.
   687 | D:1      | 687 ||| READING 2 scrolls labelled COEXTE XONIB.
   688 | D:1      | 688 ||| READING scroll labelled XUDGHA RAMUDGHO.
   689 | D:1      | 689 ||| READING scroll labelled KAEMUMA EBRUN.
   690 | D:1      | 690 ||| DROPPING scroll of poison.
   715 | D:2      | 715 ||| STAIRDANCE
   778 | D:2      | Reached XP level 3. HP: 21/21 MP: 4/4
   907 | D:2      | Identified the +5 dagger of the Key {heavy, rElec rF+
                  | Dex+2}
   990 | D:2      | You fall into a shaft and drop 1 floor!
  1003 | D:3      | 1003 ||| UPGRADING to +0 helmet.
  1008 | D:3      | 1008 ||| DROPPING ring of flight.
  1009 | D:3      | 1009 ||| READING scroll labelled DUTIEB OJECY.
  1010 | D:3      | 1010 ||| READING scroll labelled OCWEPP YGGAE.
  1111 | D:3      | 1111 ||| READING scroll labelled MAFROE RUYD.
  1113 | D:3      | Found a runed translucent door.
  1114 | D:3      | 1114 ||| READING 2 scrolls of identify.
  1114 | D:3      | 1114 ||| IDENTIFYING green potion
  1115 | D:3      | 1115 ||| FLEEEEING.
  1116 | D:3      | 1116 ||| FLEEEEING.
  1117 | D:3      | 1117 ||| FLEEEEING.
  1118 | D:3      | 1118 ||| FLEEEEING.
  1131 | D:3      | HP: 5/21 [rat (2)]
  1132 | D:3      | HP: 1/21 [hound (5)]
  1133 | D:3      | Slain by a rat

Levels and vault maps discovered:
D:1:      roderic_crossed_star, layout_loops_ring
D:2:      layout_rooms
D:3:      layout_rooms, lemuel_blue_sif_altar, ebering_ghost_sewer_d

Skill      XL: |  1  2 |
---------------+-------+-----
Ranged Weapons | 3 |  3.4
Fighting       | 2 |  2.0
Dodging        | |  1.5
Spellcasting   | |  1.0
Hexes          | |  2.6

Action                     || total
---------------------------++-------
   Fire: Sling             ||    91
    Use: Scroll            ||     7
 Armour: Robe              ||    19
  Dodge: Dodged            ||    31

Table legend:
 A = Non-vault XP
 B = Vault XP
 C = Vault XP percentage of total XP
 D = Non-vault monster count
 E = Vault monster count
 F = Vault count percentage of total count
                 A         B        C        D         E       F
            +---------+---------+-------+---------+---------+-------
      Total |     101 |       0 |   0.0 |      28 |       0 |   0.0
            +---------+---------+-------+---------+---------+-------
        D:1 |      29 |       0 |   0.0 |      18 |       0 |   0.0
        D:2 |      27 |       0 |   0.0 |       9 |       0 |   0.0
        D:3 |      45 |       0 |   0.0 |       1 |       0 |   0.0
            +---------+---------+-------+---------+---------+-------
